 Dungeon Crawl Stone Soup version 0.18-a0-1220-g2dc6208 (webtiles) character file.

313 Psiweapon the Chucker (level 6, -1/61 HPs)
             Began as an Ogre Hunter on Feb 3, 2016.
             Splashed by a jelly's acid (7 damage)
             ... on level 4 of the Dungeon.
             The game lasted 00:13:13 (3860 turns).

Psiweapon the Chucker (Ogre Hunter)                 Turns: 3860, Time: 00:13:13

Health: -1/61      AC: -5    Str: 20    XL:     6   Next: 43%
Magic:  6/6        EV:  8    Int: 10    God:
Gold:   207        SH:  7    Dex: 10    Spells: 0 memorised, 5 levels left

rFire  . . .     SeeInvis .     a - +0 flail
rCold  . . .     Gourm    +     v - +0 robe
rNeg   . . .     Faith    .     o - +0 shield
rPois  .         Spirit   .     (helmet restricted)
rElec  .         Dismiss  .     (no cloak)
rCorr  .         Reflect  .     (gloves unavailable)
SustAt .         Harm     .     (boots unavailable)
MR     .....                    j - amulet of the gourmand
Stlth  +.........               (no ring)
                                (no ring)

@: corroded equipment, not resistant to hostile enchantments, very unstealthy
A: unfitting armour, tough skin 1
a: no special abilities


You were on level 4 of the Dungeon.
You were not hungry.

You visited 1 branch of the dungeon, and saw 5 of its levels.

You collected 207 gold pieces.

Inventory:

Hand Weapons
 a - a +0 flail (weapon)
 b - a +0 hunting sling
Missiles
 c - 5 large rocks (quivered)
 d - 2 throwing nets
 m - 42 sling bullets
 p - 103 stones
 q - 4 curare-tipped needles
 u - 10 tomahawks
 x - 14 sling bullets of flame
Armour
 o - a +0 shield (worn)
 v - a +0 robe (worn)
Jewellery
 j - an amulet of the gourmand (around neck)
 w - an uncursed amulet of faith
Scrolls
 e - 2 scrolls of identify
 g - a scroll of amnesia {unknown}
 h - a scroll of noise {unknown}
 k - 2 scrolls of fog {unknown}
 l - a scroll of enchant armour {unknown}
 r - 2 scrolls of blinking
Potions
 i - 5 potions of heal wounds {unknown}
 s - 2 potions of curing {unknown}
Comestibles
 f - 4 bread rations
 n - 2 slices of pizza
 t - a beef jerky


   Skills:
 + Level 3.6 Fighting
 + Level 1.3 Maces & Flails
 + Level 1.0(2.5) Slings
 + Level 4.9(5.0) Throwing
 + Level 4.2 Dodging
 + Level 1.2 Stealth
 + Level 1.2 Shields


You had 5 spell levels left.
You didn't know any spells.

Dungeon Overview and Level Annotations

Branches:
Dungeon (5/15)
 Temple: D:4-7

Altars:
Xom

Annotations:
D:4 sKa's ghost, amateur TrMo


Innate Abilities, Weirdness & Mutations

You are too large for most types of armour.
You have tough skin (AC +1).


Message History

You see here a tomahawk.
u - 10 tomahawks (gained 1)
The jelly quivers.
The jelly hits you.
You are splashed with acid!
The acid burns!
You hit the jelly. The acid corrodes you!
Your hands burn!
The jelly is lightly wounded.
The jelly hits you.
You are splashed with acid!
The acid burns!
You barely miss the jelly.
The jelly is lightly wounded.
The jelly closely misses you.
You hit the jelly.
Your hands burn!
The jelly is moderately wounded.
The jelly hits you.
* * * LOW HITPOINT WARNING * * *
You are splashed with acid!
The acid corrodes you!
The acid burns!
* * * LOW HITPOINT WARNING * * *
The jelly hits you.
* * * LOW HITPOINT WARNING * * *
You are splashed with acid!
The acid burns!
You die...

#....#....# ..
+....#....# .
#....#....+ #'####
#..#
#...####..#########
#.........).......#
#...........).....#
#.................#
+.....#####+###.@.#
###+### #.J.# #
.....# .......#
.........#
.........#
####+###########
#..............#
#..............#


You could see a jelly.

Vanquished Creatures
  A hound (D:4)
  An orc priest (D:3)
  2 orc wizards (D:4)
  Terence (D:3)
  A worker ant (D:4)
  3 gnolls (D:4)
  5 adders
  An ooze (D:2)
  2 worms
  2 giant geckos
  4 orcs
  4 giant cockroaches
  8 hobgoblins
  3 jackals (D:2)
  3 quokkas
  2 ball pythons
  7 bats
  2 giant newts (D:2)
  9 goblins
  4 kobolds
  A quokka skeleton (D:3)
  4 rats
70 creatures vanquished.

Notes
Turn   | Place    | Note
--------------------------------------------------------------
     0 | D:1      | Psiweapon the Ogre Hunter began the quest for the Orb.
     0 | D:1      | Reached XP level 1. HP: 22/22 MP: 1/1
   279 | D:2      | Reached XP level 2. HP: 17/29 MP: 2/2
  1073 | D:2      | Reached XP level 3. HP: 34/37 MP: 3/3
  1265 | D:3      | Noticed Terence
  1647 | D:2      | Found a shimmering altar of Xom.
  1647 | D:2      | Found a shimmering altar of Xom.
  1648 | D:2      | Found a shimmering altar of Xom.
  1812 | D:3      | Reached XP level 4. HP: 37/45 MP: 4/4
  2222 | D:2      | Found a shimmering altar of Xom.
  2224 | D:2      | Found a shimmering altar of Xom.
  2234 | D:2      | Found a shimmering altar of Xom.
  2236 | D:2      | Found a shimmering altar of Xom.
  2343 | D:2      | You fall through a shaft for 2 floors!
  2343 | D:4      | Noticed sKa's ghost (amateur TrMo)
  2365 | D:5      | Entered Level 5 of the Dungeon
  2454 | D:5      | Reached XP level 5. HP: 53/53 MP: 5/5
  2864 | D:3      | Killed Terence
  2864 | D:3      | Reached skill level 1 in Stealth
  3064 | D:3      | Reached skill level 1 in Maces & Flails
  3064 | D:3      | Reached XP level 6. HP: 28/61 MP: 6/6
  3562 | D:4      | Reached skill level 1 in Shields
  3814 | D:4      | Reached skill level 1 in Slings
  3860 | D:4      | Splashed by a jelly's acid

Vault maps used:
D:1:      onia_arrival_mini_spirals
D:2:      xom_redecorated, kennysheep_generic_room_16
D:3:      wad_pebble_path, uniq_terence
D:4:      marbit_many_paths, grunt_gozag_breadcrumbs
D:5:      minmay_temple_entry_junction, first_bread, gup_sewer_entry_glass

Action                   |  1- 3 |  4- 6 || total
-------------------------+-------+-------++-------
Melee: Short sword       |    83 |       ||    83
       Club              |    20 |       ||    20
       Mace              |    37 |    42 ||    79
       Flail             |       |    44 ||    44
 Fire: Hunting sling     |     3 |    41 ||    44
Throw: Stone             |     4 |       ||     4
       Large rock        |     5 |    18 ||    23
       Tomahawk          |       |     3 ||     3
       Throwing net      |       |     1 ||     1
  Use: Potion            |     1 |     3 ||     4
       Scroll            |       |     1 ||     1
 Stab: Sleeping          |     1 |       ||     1
  Eat: Chunk             |     3 |     9 ||    12
